 Dungeon Crawl Stone Soup version 0.28.0-55-gcd9437bce4 (webtiles) character file.

Game seed: 13961540223020956863

312 AarnesTheHuman the Quickloader (level 6, -2/51 HPs)
             Began as a Gnoll Hunter on Dec 26, 2022.
             Slain by an ogre
             ... wielding a +0 giant spiked club
              (24 damage)
             ... on level 5 of the Dungeon.
             The game lasted 00:04:44 (3136 turns).

AarnesTheHuman the Quickloader (Gnoll Hunter)       Turns: 3136, Time: 00:04:45

Health: -2/51      AC: 12    Str: 13    XL:     6   Next: 42%
Magic:  9/9        EV:  7    Int: 11    God:
Gold:   137        SH:  0    Dex: 12    Spells: 9/9 levels left

rFire   . . .      SeeInvis .   a - +3 dagger (elec)
rCold   . . .      Faith    .   (no shield)
rNeg    . . .      Spirit   .   t - +1 chain mail
rPois   .          Reflect  .   o - +0 helmet
rElec   .          Harm     .   u - +0 cloak
rCorr   .          Rampage  .   (no gloves)
Will    .....                   x - +0 pair of boots
Stlth   ..........              w - amulet of magic regeneration
HPRegen 0.17/turn               (no ring)
MPRegen 0.51/turn               (no ring)

@: no status effects
A: fangs 1, strong nose, distributed training
a: no special abilities


You were on level 5 of the Dungeon.
You visited 1 branch of the dungeon, and saw 5 of its levels.

You collected 137 gold pieces.

Inventory:

Hand Weapons
 a - a +3 dagger of electrocution (weapon)
 b - a +1 hand crossbow
 p - a +2 short sword of draining
Missiles
 d - 52 bolts
 n - 15 sling bullets
 s - 96 stones (quivered)
Armour
 o - a +0 helmet (worn)
 t - a +1 chain mail (worn)
 u - a +0 cloak (worn)
 x - a +0 pair of boots (worn)
Jewellery
 w - an amulet of magic regeneration (around neck)
Wands
 e - a wand of mindburst (16)
Scrolls
 c - a scroll of fog {unknown}
 f - a scroll of magic mapping
 g - a scroll of immolation {unknown}
 i - a scroll of enchant armour
 j - 2 scrolls of teleportation
 k - a scroll of silence {unknown}
 l - 2 scrolls of noise {unknown}
Potions
 h - a potion of might
 m - a potion of ambrosia
 q - a potion of magic
 r - a potion of mutation
 v - a potion of haste {unknown}


   Skills:
 + Level 5.0 Fighting
 + Level 2.0 Short Blades
 + Level 2.0 Long Blades
 + Level 2.0 Axes
 + Level 2.0 Maces & Flails
 + Level 2.0 Polearms
 + Level 2.0 Staves
 + Level 2.0 Slings
 + Level 2.0 Bows
 + Level 8.7 Crossbows
 + Level 2.0 Throwing
 + Level 2.0 Armour
 + Level 5.0 Dodging
 + Level 3.1 Stealth
 + Level 2.0 Shields
 + Level 2.0 Unarmed Combat
 + Level 2.0 Spellcasting
 + Level 1.5 Conjurations
 + Level 1.5 Hexes
 + Level 1.5 Summonings
 + Level 1.5 Necromancy
 + Level 1.5 Translocations
 + Level 1.5 Transmutations
 + Level 1.5 Fire Magic
 + Level 1.5 Ice Magic
 + Level 1.5 Air Magic
 + Level 1.5 Earth Magic
 + Level 1.5 Poison Magic
 + Level 2.1 Invocations
 + Level 2.0 Evocations


You had 9 spell levels left.
You didn't know any spells.
Your spell library contained the following spells:

 Spells                   Type           Power      Damage    Failure   Level
 Sandblast                Erth           8%         2d5       99%         1
 Passwall                 Tmut/Erth      3%         N/A       100%        2
 Conjure Flame            Conj/Fire      4%         6-21      100%        3
 Ignite Poison            Fire/Tmut/Pois 4%         N/A       100%        3
 Ozocubu's Armour         Ice            4%         N/A       100%        3
 Portal Projectile        Hex/Tloc       8%         N/A       100%        3
 Stone Arrow              Conj/Erth      8%         3d7       100%        3
 Sticky Flame             Conj/Fire      4%         2d3       100%        4
 Blade Hands              Tmut           2%         N/A       100%        5
 Excruciating Wounds      Necr           2%         N/A       100%        5
 Metabolic Englaciation   Hex/Ice        2%         N/A       100%        5
 Simulacrum               Ice/Necr       2%         N/A       100%        6


Dungeon Overview and Level Annotations

Branches:
Dungeon (5/15)
 Temple: D:4-7

Altars:


Innate Abilities, Weirdness & Mutations

You have very sharp teeth.
Your uncanny sense of smell can sniff out nearby items.
Your experience applies equally to all skills.


Message History

Your Throwing skill increases to level 2!
Your Armour skill increases to level 2!
Your Shields skill increases to level 2!
Your Unarmed Combat skill increases to level 2!
Your Spellcasting skill increases to level 2!
Your Evocations skill increases to level 2!
Magic restored.
d - 51 bolts (gained 1)
d - 52 bolts (gained 1)
d - 53 bolts (gained 1)
Found a stone staircase leading down.
There is a stone staircase leading down here.
You now have 137 gold pieces (gained 10).
There is a stone staircase leading up here.
There is a stone staircase leading up here.
There is a stone staircase leading down here.
Done exploring.
Done exploring.
There is a stone staircase leading down here.
You climb downwards.
The ogre shouts!
Found a stone staircase leading down.
There is a stone staircase leading up here.
You shoot a bolt. The bolt barely misses the ogre.
You hear the crackle of electricity.
a - a +3 dagger of electrocution (weapon)
You hit the ogre.
The ogre is moderately wounded.
The ogre barely misses you.
You hit the ogre. You bite the ogre.
The ogre is heavily wounded.
You barely miss the ogre. You bite the ogre.
The ogre is heavily wounded.
The ogre hits you with a +0 giant spiked club!!
Ouch! That really hurt!
You are too injured to fight recklessly!
You hit the ogre.
The ogre is severely wounded.
The ogre hits you with a +0 giant spiked club!!
You die...

### ...
.. #.##
..# #.#
#@#
#(.O...#
####.###
#.# ∆ ∆
#.# #.#
#>. ...


You could see an ogre.

Vanquished Creatures
  A necrophage (D:4)
  A hound (D:4)
  A jelly (D:4)
  Natasha (thrice) (D:2)
  A hound skeleton (D:4)
  4 adders
  An ufetubus (D:4)
  A worm (D:4)
  A dart slug (D:2)
  2 bats
  An endoplasm (D:2)
  A giant cockroach (D:1)
  6 goblins
  3 hobgoblins (D:3)
  4 jackals
  2 quokkas (D:3)
  5 ball pythons
  3 frilled lizards
  6 kobolds
  A quokka skeleton (D:4)
  2 rats
50 creatures vanquished.

Notes
Turn   | Place    | Note
-------+----------+-------------------------------------------
     0 | D:1      | AarnesTheHuman the Gnoll Hunter began the quest for the
                  | Orb.
     0 | D:1      | Reached XP level 1. HP: 20/20 MP: 1/1
   469 | D:1      | Found a faded altar of an unknown god.
   657 | D:2      | Reached XP level 2. HP: 26/26 MP: 2/2
   707 | D:2      | Noticed Natasha
   708 | D:2      | Killed Natasha
   709 | D:2      | Reached XP level 3. HP: 31/31 MP: 2/4
   819 | D:2      | Reached skill level 1 in Invocations
   908 | D:2      | Reached skill level 1 in Short Blades
   908 | D:2      | Reached skill level 1 in Long Blades
   908 | D:2      | Reached skill level 1 in Axes
   908 | D:2      | Reached skill level 1 in Maces & Flails
   908 | D:2      | Reached skill level 1 in Polearms
   908 | D:2      | Reached skill level 1 in Staves
   908 | D:2      | Reached skill level 1 in Slings
   908 | D:2      | Reached skill level 1 in Bows
   908 | D:2      | Reached skill level 1 in Throwing
   908 | D:2      | Reached skill level 1 in Armour
   908 | D:2      | Reached skill level 1 in Shields
   908 | D:2      | Reached skill level 1 in Unarmed Combat
   908 | D:2      | Reached skill level 1 in Spellcasting
   908 | D:2      | Reached skill level 1 in Evocations
   934 | D:2      | Noticed Natasha
   939 | D:2      | Killed Natasha
   940 | D:2      | Reached XP level 4. HP: 38/38 MP: 5/5
   966 | D:2      | Noticed Natasha
   972 | D:2      | Killed Natasha
   973 | D:2      | Reached skill level 1 in Conjurations
   973 | D:2      | Reached skill level 1 in Hexes
   973 | D:2      | Reached skill level 1 in Summonings
   973 | D:2      | Reached skill level 1 in Necromancy
   973 | D:2      | Reached skill level 1 in Translocations
   973 | D:2      | Reached skill level 1 in Transmutations
   973 | D:2      | Reached skill level 1 in Fire Magic
   973 | D:2      | Reached skill level 1 in Ice Magic
   973 | D:2      | Reached skill level 1 in Air Magic
   973 | D:2      | Reached skill level 1 in Earth Magic
   973 | D:2      | Reached skill level 1 in Poison Magic
  1643 | D:3      | Reached XP level 5. HP: 30/43 MP: 6/6
  2637 | D:4      | Noticed a necrophage
  2651 | D:4      | Killed a necrophage
  2652 | D:4      | Reached XP level 6. HP: 31/50 MP: 8/8
  2913 | D:4      | Reached skill level 5 in Fighting
  2913 | D:4      | Reached skill level 5 in Dodging
  3129 | D:5      | Entered Level 5 of the Dungeon
  3136 | D:5      | Slain by an ogre

Illustrated notes

Levels and vault maps discovered:
D:1:      doesnt_arrival_eight_statues, layout_basic,
          shapermc_ecumenical_altar_mp_vishouse, minmay_misc_feat_tiny
D:2:      layout_rooms, minmay_pentomino_t2, uniq_natasha
D:3:      layout_basic, hex_intersection, serial_bayou_pond_d
D:4:      layout_rooms
D:5:      layout_loops_cross, minmay_temple_entry_junction, serial_shops,
          nicolae_shop_overgrown_old_shop, uniq_blork_the_orc, uniq_grinder,
          uniq_edmund, uniq_ijyb, uniq_crazy_yiuf_cottage

Skill      XL: |  1  2  3  4  5  6 |
---------------+-------------------+-----
Invocations    | 1 2 |  2.1
Short Blades   | 1 2 |  2.0
Long Blades    | 1 2 |  2.0
Axes           | 1 2 |  2.0
Maces & Flails | 1 2 |  2.0
Polearms       | 1 2 |  2.0
Staves         | 1 2 |  2.0
Slings         | 1 2 |  2.0
Bows           | 1 2 |  2.0
Throwing       | 1 2 |  2.0
Armour         | 1 2 |  2.0
Shields        | 1 2 |  2.0
Unarmed Combat | 1 2 |  2.0
Spellcasting   | 1 2 |  2.0
Evocations     | 1 2 |  2.0
Conjurations   | 1 |  1.5
Hexes          | 1 |  1.5
Summonings     | 1 |  1.5
Necromancy     | 1 |  1.5
Translocations | 1 |  1.5
Transmutations | 1 |  1.5
Fire Magic     | 1 |  1.5
Ice Magic      | 1 |  1.5
Air Magic      | 1 |  1.5
Earth Magic    | 1 |  1.5
Poison Magic   | 1 |  1.5
Stealth        | 3 |  3.1
Fighting       | 5 |  5.0
Dodging        | 5 |  5.0
Crossbows      | |  8.7

Action                   |  1- 3 |  4- 6 || total
-------------------------+-------+-------++-------
Melee: Short sword       |     5 |       ||     5
       Bite              |     1 |     4 ||     5
       Dagger            |       |    61 ||    61
 Fire: Hand crossbow     |    33 |    50 ||    83
  Use: Scroll            |       |     9 ||     9
Armor: Leather armour    |     2 |       ||     2
       Chain mail        |       |    54 ||    54
Dodge: Dodged            |     7 |    24 ||    31
